 Dungeon Crawl Stone Soup version 0.25.0-11-g1f837a7 (webtiles) character file.

Game seed: 17647196512192411177

395 Bionic the Cudgeler (level 6, -3/40 HPs)
             Began as a Gargoyle Fighter on June 27, 2020.
             Slain by a bone dragon (7 damage)
             ... on level 1 of the Abyss.
             The game lasted 00:07:26 (3193 turns).

Bionic the Cudgeler (Gargoyle Fighter)              Turns: 3193, Time: 00:07:27

Health: -3/40      AC: 13    Str: 22    XL:     6   Next: 82%
Magic:  6/6        EV:  5    Int:  8    God:
Gold:   173        SH:  9    Dex:  9    Spells: 5/5 levels left

rFire    . . .     SeeInvis .   r - +1 morningstar
rCold    + . .     Gourm    .   c - +0 kite shield
rNeg     + . .     Faith    .   u - +0 chain mail {rC+}
rPois    ∞         Spirit   .   (no helmet)
rElec    +         Reflect  .   (no cloak)
rCorr    .         Harm     .   (no gloves)
MR       +....                  (no boots)
Stlth    ..........             s - amulet of magic regeneration
HPRegen  0.13/turn              M - ring of protection from magic
MPRegen  0.35/turn              (no ring)

@: no status effects
A: negative energy resistance 1, electricity resistance, unbreathing,
petrification resistance, rot immunity, AC +4
a: no special abilities


You were on level 1 of the Abyss.
You were hungry.

You visited 1 branch of the dungeon, and saw 3 of its levels.
You visited the Abyss 1 time.

You collected 173 gold pieces.


Innate Abilities, Weirdness & Mutations

You are resistant to torment.
Your stone body is resilient. (AC +4)
You are immune to poison.
You resist negative energy. (rN+)
You are resistant to electric shocks. (rElec)
You can survive without breathing.
You are immune to petrification.
You are immune to rotting.


   Skills:
 + Level 5.3 Fighting
 * Level 5.9 Maces & Flails
 - Level 3.2 Armour
 - Level 3.2 Shields


You had 5 spell levels left.
You didn't know any spells.
Your spell library was empty.

Inventory:

Hand Weapons
 a - a +0 flail
 r - a +1 morningstar (weapon)
Missiles
 e - 92 stones (quivered)
Armour
 c - a +0 kite shield (worn)
 u - a +0 chain mail of cold resistance (worn)
Jewellery
 s - an amulet of magic regeneration (around neck)
 M - a ring of protection from magic (left hand)
Wands
 p - a wand of paralysis (9)
Scrolls
 k - 2 scrolls of teleportation {@r4}
 n - a scroll of magic mapping
Potions
 d - a potion of might
 g - 3 potions of heal wounds {@q2}
 h - 3 potions of lignification {unknown}
 i - a potion of curing {unknown}
 l - a potion of magic {unknown}
 m - a potion of experience {unknown}
Comestibles
 f - 9 rations {@e1}

Dungeon Overview and Level Annotations

Branches:
Dungeon (3/15)

Altars:
Cheibriados
Dithmenos
Gozag
Qazlal
Sif Muna
Trog
Xom

Annotations:
D:3 Crazy Yiuf, Natasha

. .▓ #. #.# #.
#. #. #.#
.#####.###### #
# D...W......#
#.#
######D.##§## .#
▒..W.@##. .###.#
▒.░░░##....§##.#
## #..... .. #
.. .##.# ##...#.
.# ## #.#.# ##..
.. .#.#


You could see a bone dragon and a phantasmal warrior.


Message History

You are suddenly pulled into a different region of the Abyss!
As you read the scroll labeled OPRAME SOUJOG, it crumbles to dust.
You feel as if something is helping you.
It was a scroll of remove curse.
As you read the scroll labeled PAIMOR WIFACWE, it crumbles to dust.
It is a scroll of identify.
g - 3 potions of heal wounds
As you read the scroll labeled QONLUA JALUORPH, it crumbles to dust.
You feel momentarily disoriented.
It was a scroll of magic mapping.
As you read the scroll labeled RANNEA KEEKKUDGHY, it crumbles to dust.
It is a scroll of enchant weapon.
Your +0 morningstar glows red for a moment.
An ancient zyme comes into view.
Found a bronze wand.
You are suddenly pulled into a different region of the Abyss!
The phantasmal warrior blinks!
The phantasmal warrior blinks!
The phantasmal warrior blinks!
A bone dragon comes into view.
The phantasmal warrior blinks!
You completely miss the phantasmal warrior.
You block the phantasmal warrior's attack.
You hit the bone dragon but do no damage.
You block the bone dragon's attack. The bone dragon claws you.
The bone dragon tramples you!
You hold your ground!
The phantasmal warrior hits you!!
Ouch! That really hurt!
* * * LOW HITPOINT WARNING * * *
The bone dragon bites you!
You die...

Skill      XL: |  1  2  3  4  5  6 |
---------------+-------------------+-----
Maces & Flails | 3 4 5 |  5.9
Fighting       | 4 5 |  5.3
Armour         | |  3.2
Shields        | |  3.2

Action                   |  1- 3 |  4- 6 || total
-------------------------+-------+-------++-------
Melee: Flail             |   104 |   105 ||   209
       Morningstar       |       |   103 ||   103
Throw: Stone             |    66 |    51 ||   117
  Use: Scroll            |       |     5 ||     5
  Eat: Chunk             |     1 |     6 ||     7
Armor: Scale mail        |    54 |    99 ||   153
       Chain mail        |       |     4 ||     4
Dodge: Dodged            |    44 |    65 ||   109
Block: Kite shield       |    68 |    87 ||   155

Levels and vault maps discovered:
D:1:      onia_arrival_zoo_common, layout_loops_ring, corexii_leaking_fountain
D:2:      minmay_chambers_of_ones, layout_basic, grunt_temple_overflow_open,
          first_ration, trog_hazing_becter
D:3:      layout_loops_ring, lemuel_crystal_altar, uniq_crazy_yiuf_cottage,
          uniq_natasha, uniq_ijyb, uniq_terence
Abyss:1:  base:
D:3

Notes
Turn   | Place    | Note
-------+----------+-------------------------------------------
     0 | D:1      | Bionic the Gargoyle Fighter began the quest for the Orb.
     0 | D:1      | Reached XP level 1. HP: 14/14 MP: 1/1
     6 | D:1      | Noticed a swamp worm
     6 | D:1      | Noticed an iguana
     6 | D:1      | Noticed a hog
     6 | D:1      | Noticed a swamp drake
     6 | D:1      | Noticed an anaconda
   129 | D:1      | Reached XP level 2. HP: 12/19 MP: 2/2
   496 | D:1      | Reached skill level 3 in Maces & Flails
   497 | D:1      | Reached XP level 3. HP: 24/24 MP: 3/3
  1022 | D:2      | Found a shadowy altar of Dithmenos.
  1025 | D:2      | Found an opulent altar of Gozag.
  1027 | D:2      | Found a shimmering altar of Xom.
  1036 | D:2      | Found a shimmering blue altar of Sif Muna.
  1039 | D:2      | Found a snail-covered altar of Cheibriados.
  1085 | D:2      | Found a bloodstained altar of Trog.
  1109 | D:2      | Reached skill level 4 in Fighting
  1138 | D:2      | Reached XP level 4. HP: 24/29 MP: 4/4
  1697 | D:2      | Reached skill level 4 in Maces & Flails
  1795 | D:3      | Noticed Ijyb
  1862 | D:3      | Killed Ijyb
  1862 | D:3      | Reached XP level 5. HP: 34/34 MP: 5/5
  1912 | D:3      | Noticed Natasha
  1928 | D:3      | Killed Natasha
  2015 | D:3      | Reached skill level 5 in Maces & Flails
  2045 | D:3      | Reached XP level 6. HP: 40/40 MP: 6/6
  2100 | D:2      | Reached skill level 5 in Fighting
  2306 | D:3      | Noticed Natasha
  2735 | D:3      | Found a stormy altar of Qazlal.
  2874 | D:3      | Noticed Terence
  2882 | D:3      | Killed Terence
  2944 | D:3      | Found a runed translucent door.
  2945 | D:3      | Noticed Crazy Yiuf
  2954 | D:3      | You are cast into the Abyss!
  2954 | D:3      | Cast into level 1 of the Abyss (Crazy Yiuf)
  3087 | Abyss:1  | Noticed a spatial maelstrom
  3091 | Abyss:1  | Noticed a large abomination
  3095 | Abyss:1  | Noticed a spatial vortex
  3098 | Abyss:1  | Noticed a spatial vortex
  3158 | Abyss:1  | Noticed a tentacled starspawn
  3159 | Abyss:1  | Noticed an orange demon
  3167 | Abyss:1  | Noticed an ancient zyme
  3180 | Abyss:1  | Noticed a phantasmal warrior
  3185 | Abyss:1  | Noticed a bone dragon
  3192 | Abyss:1  | HP: 4/40 [phantasmal warrior (24)]
  3193 | Abyss:1  | Slain by a bone dragon

Vanquished Creatures
  3 wights
  An orc wizard (D:3)
  An orc priest (D:3)
  Ijyb (D:3)
  Natasha (D:3)
  Terence (D:3)
  A gnoll (D:1)
  5 adders
  An ooze (D:3)
  A worm (D:2)
  A dart slug (D:2)
  3 leopard geckos
  An orc (D:2)
  4 giant cockroaches
  5 goblins
  11 hobgoblins
  9 jackals
  8 bats
  3 frilled lizards
  8 kobolds
  6 rats
  2 fungi (D:3)
77 creatures vanquished.

Vanquished Creatures (others)
  A starspawn tentacle (Abyss:1)
1 creature vanquished.

Grand Total: 78 creatures vanquished

Table legend:
 A = Turns spent in this place as a percentage of turns spent in the entire game.
 B = Non-inter-level travel turns spent in this place as a percentage of non-inter-level travel turns spent in the entire game.
 C = Inter-level travel turns spent in this place as a percentage of turns spent in this place.
 D = Turns resting spent in this place as a percentage of non-inter-level travel turns spent in this place.
 E = Turns spent auto-exploring this place as a percentage of non-inter-level travel turns spent in this place.
 F = Non-inter-level travel turns spent in this place divided by the number of levels of this place that you've seen.
                   A       B       C       D       E      F
               +-------+-------+-------+-------+-------+----------------------
         Total | 100.0 | 100.0 |   3.9 |  19.7 |  52.9 | 767.2
       Dungeon |  92.5 |  92.2 |   4.2 |  17.1 |  57.3 | 943.3
         Abyss |   7.5 |   7.8 |   0.0 |  51.0 |   0.0 | 239.0
               +-------+-------+-------+-------+-------+----------------------

Table legend:
 A = Non-vault XP
 B = Vault XP
 C = Vault XP percentage of total XP
 D = Non-vault monster count
 E = Vault monster count
 F = Vault count percentage of total count
                 A         B        C        D         E       F
            +---------+---------+-------+---------+---------+-------
      Total |     420 |     145 |  25.7 |      61 |      14 |  18.7
            +---------+---------+-------+---------+---------+-------
        D:1 |      46 |       0 |   0.0 |      21 |       0 |   0.0
        D:2 |     108 |      37 |  25.5 |      13 |      11 |  45.8
        D:3 |     266 |     108 |  28.9 |      27 |       3 |  10.0
            +---------+---------+-------+---------+---------+-------
